 Dungeon Crawl Stone Soup version 0.20-a0-640-g62ed22f (webtiles) character file.

59 polly the Chopper (level 3, -1/34 HPs)
             Began as a Minotaur Berserker on Feb 12, 2017.
             Was a Follower of Trog.
             Slain by an orc wizard
             ... wielding a +0 dagger
              (2 damage)
             ... on level 3 of the Dungeon.
             The game lasted 00:01:43 (1493 turns).

polly the Chopper (Minotaur Berserker)              Turns: 1493, Time: 00:01:43

Health: -1/34      AC:  3    Str: 22    XL:     3   Next: 78%
Magic:  2/2        EV: 12    Int:  4    God:    Trog [*.....]
Gold:   121        SH:  0    Dex:  9    Spells: 2/2 levels left

rFire    . . .     SeeInvis .   a - +0 hand axe
rCold    . . .     Gourm    .   b - +0 animal skin
rNeg     . . .     Faith    .   (no shield)
rPois    .         Spirit   .   (helmet restricted)
rElec    .         Reflect  .   d - +0 cloak
rCorr    .         Harm     .   (no gloves)
MR       .....                  (no boots)
Stlth    +.........             (no amulet)
Regen    0.2/turn               (no ring)
MPRegen  0.1/turn               (no ring)

@: confused
A: retaliatory headbutt, horns 2
a: Berserk, Burn Spellbooks, Renounce Religion


You were on level 3 of the Dungeon.
You worshipped Trog.
Trog was aware of your devotion.
You were near starving.

You visited 1 branch of the dungeon, and saw 3 of its levels.

You collected 121 gold pieces.

Inventory:

Hand Weapons
 a - a +0 hand axe (weapon)
Armour
 b - a +0 animal skin (worn)
 d - a +0 cloak (worn)
Jewellery
 j - an uncursed ring of fire {unknown}
 m - an uncursed amulet of rage {unknown}
Scrolls
 e - 2 scrolls of remove curse {unknown}
 g - a scroll of teleportation {unknown}
 k - a scroll of enchant armour {unknown}
 p - a scroll of identify {unknown}
Potions
 i - 2 potions of flight {unknown}
 l - 2 potions of brilliance {unknown}
 n - a potion of curing {unknown}
 o - a potion of lignification {unknown}
Comestibles
 c - a bread ration
 f - 2 royal jellies
 h - 2 meat rations


   Skills:
 + Level 4.4 Fighting
 + Level 4.7 Axes
 + Level 2.8 Armour
 + Level 2.5 Dodging


You had 2 spell levels left.
You didn't know any spells.

Dungeon Overview and Level Annotations

Branches:
Dungeon (3/15)

Altars:
Trog
Xom


Innate Abilities, Weirdness & Mutations

You reflexively headbutt those who attack you in melee.
You have a pair of horns on your head.


Message History

Unknown command.
You completely miss something. You miss the orc wizard.
Something hits you but does no damage. The orc wizard closely misses you.
Unknown command.
You're too confused!
You miss something. You hit the orc wizard.
You hear some strange, mumbled words.
Something tries to affect you, but you resist.
The orc wizard hits you but does no damage.
You hit something. You headbutt something. You closely miss the orc wizard.
Something hits you but does no damage. The orc wizard misses you.
You barely miss something. You barely miss the orc wizard. Something hits you.
The orc wizard casts a spell at you. The magic dart hits you!
* * * LOW HITPOINT WARNING * * *
You completely miss something. You closely miss the orc wizard.
Something hits you.
* * * LOW HITPOINT WARNING * * *
The orc wizard hits you with a dagger.
You die...

.....≈≈≈.# #.# #
≈≈≈≈≈≈≈.. #.#.#
≈≈≈≈≈≈..#######.#.#.###
#>....(......)........
########.#####.#######
#..<..#.# #.######
#.#..##.# ###......#
#.#.....# #.o..?.#.#
#.#.##### #@####.#
#.#.# #{# .# #.#..


ooo # #.### [.... #.. ......# ### .......# ........# #........# You could see an
orc wizard and 3 orcs.

Vanquished Creatures
  3 adders (D:2)
  A leopard gecko (D:2)
  An orc (D:3)
  A giant cockroach (D:1)
  5 goblins
  2 hobgoblins (D:1)
  3 kobolds
  A quokka (D:2)
  6 bats (D:1)
  2 frilled lizards (D:1)
  4 rats
29 creatures vanquished.

Notes
Turn   | Place    | Note
-------+----------+-------------------------------------------
     0 | D:1      | polly the Minotaur Berserker began the quest for the Orb.
     0 | D:1      | Reached XP level 1. HP: 19/19 MP: 0/0
   121 | D:1      | Reached XP level 2. HP: 27/27 MP: 1/1
   989 | D:2      | Found a bloodstained altar of Trog.
  1068 | D:2      | Found a shimmering altar of Xom.
  1069 | D:2      | Found a shimmering altar of Xom.
  1069 | D:2      | Found a shimmering altar of Xom.
  1133 | D:2      | Reached XP level 3. HP: 33/33 MP: 2/2
  1170 | D:2      | Reached ** piety under Trog
  1247 | D:2      | Found a shimmering altar of Xom.
  1493 | D:3      | HP: 1/34 [something (4)]
  1493 | D:3      | Slain by an orc wizard

Vault maps used:
D:1:      onia_arrival_mini_spirals
D:2:      lemuel_doored_altar, xom_redecorated
D:3:      kennysheep_goblin_castle, tso_altar, first_bread

Skill      XL: |  1  2 |
---------------+-------+-----
Axes           | 4 |  4.7
Fighting       | 4 |  4.4
Armour         | |  2.8
Dodging        | |  2.5

Action                   || total
-------------------------++-------
Melee: Hand axe          ||    58
       Headbutt          ||    11
Armor: Animal skin       ||    13
Dodge: Dodged            ||    35
